 Dungeon Crawl Stone Soup version 0.23.1-37-gaa34b87 (console) character file.

Game seed: 3383251277582979822

717 jt the Basher (level 7, -1/46 HPs)
             Began as an Octopode Monk on Mar 27, 2019.
             Was a Priest of Nemelex Xobeh.
             Killed themself with a badly aimed fireball (11 damage)
             ... on level 6 of the Dungeon.
             The game lasted 00:12:23 (5707 turns).

jt the Basher (Octopode Monk)                       Turns: 5707, Time: 00:12:24

Health: -1/46      AC: -3    Str: 12    XL:     7   Next: 70%
Magic:  18/18      EV: 14    Int: 18    God:    Nemelex Xobeh [***...]
Gold:   317        SH:  0    Dex: 14    Spells: 4/6 levels left

rFire    . . .     SeeInvis .   r - +2 mace (crush)
rCold    . . .     Gourm    .   (no shield)
rNeg     . . .     Faith    .   (helmet restricted)
rPois    .         Spirit   .   E - amulet of magic regeneration
rElec    .         Reflect  .   C - ring of magical power
rCorr    .         Harm     .   D - +5 ring of intelligence
MR       .....                  (no ring)
Stlth    +++.......             (no ring)
HPRegen  0.15/turn              (no ring)
MPRegen  0.41/turn              (no ring)
                                (no ring)
                                (no ring)

@: corroded
A: almost no armour, stealthy swim, amphibious, 8 rings, constrict 8, camouflage
1, gelatinous body 1
a: Draw Escape, Draw Destruction, Draw Summoning, Triple Draw, Renounce Religion


You were on level 6 of the Dungeon.
You worshipped Nemelex Xobeh.
Nemelex Xobeh was most pleased with you.
You were very hungry.

You visited 2 branches of the dungeon, and saw 8 of its levels.

You collected 317 gold pieces.

Inventory:

Hand Weapons
 a - a +0 mace
 q - a +0 halberd
 r - a +2 mace of crushing (weapon)
 u - a +0 longbow
Missiles
 e - 21 stones (quivered)
 j - 25 poisoned needles
 p - 37 arrows
 t - 2 needles of paralysis
 v - 17 bolts
 y - 12 tomahawks
Jewellery
 C - a ring of magical power (left tentacle)
 D - a +5 ring of intelligence (right tentacle)
 E - an amulet of magic regeneration (around mantle)
Wands
 b - a wand of random effects (26)
Scrolls
 m - 2 scrolls of identify
 s - 2 scrolls of enchant weapon
Potions
 d - 2 potions of haste {unknown}
 f - a potion of magic {unknown}
 h - a potion of flight {unknown}
 i - 2 potions of brilliance {unknown}
 l - a potion of curing
 o - 3 potions of degeneration {unknown}
 x - a potion of mutation {unknown}
 A - a potion of ambrosia {unknown}
 F - a potion of invisibility {unknown}
Comestibles
 n - 8 rations


   Skills:
 - Level 3.0 Fighting
 + Level 8.1 Maces & Flails
 - Level 3.0 Dodging
 - Level 2.6 Stealth
 + Level 0.0 Spellcasting
 + Level 0.0 Necromancy
 + Level 3.4 Invocations


You had 4 spell levels left.
You knew the following spells:

 Your Spells              Type           Power        Failure   Level  Hunger
a - Pain                  Necr           #...         22%         1    ##.....
b - Animate Skeleton      Necr           N/A          22%         1    ##.....

Your spell library contained the following spells:

 Spells                   Type           Power        Failure   Level  Hunger
 Regeneration             Chrm/Necr      #.........   54%         3    ####...
 Vampiric Draining        Necr           #.........   54%         3    ####...
 Animate Dead             Necr           N/A          91%         4    #####..


Dungeon Overview and Level Annotations

Branches:
Dungeon (7/15)             Temple (1/1) D:5

Altars:
Ashenzari
Cheibriados
Dithmenos
Elyvilon
Gozag
Hepliaklqana
Kikubaaqudgha
Nemelex Xobeh
Okawaru
Qazlal
Ru
Trog
Uskayaw
Vehumet
Zin
The Shining One


Innate Abilities, Weirdness & Mutations

You cannot wear most types of armour.
You are very stealthy in the water. (Stealth+)
You are amphibious.
You can wear up to eight rings at the same time.
You can use your tentacles to constrict eight enemies at once.
Your skin changes colour to match your surroundings (Stealth+).
Your rubbery body absorbs attacks. (AC +1, EV +1)


Message History

Aiming: Random Effects
Press: ? - help, Shift-Dir - straight line, f/p - jelly
Aim: a jelly (heavily wounded)
The bolt of poison hits the jelly.
The jelly is poisoned.
The jelly is heavily wounded.
The jelly barely misses you.
Press: ? - help, v - describe, . - travel
Here: a jelly (heavily wounded, poisoned)
The floor.
Evoke which item? (* to show all) (? for menu, Esc to quit)
Okay, then.
Evoke which item? (* to show all) (? for menu, Esc to quit)
Aiming: Random Effects
Press: ? - help, Shift-Dir - straight line, f/p - jelly
Aim: a jelly (heavily wounded, poisoned)
The fireball explodes!
The fireball engulfs the jelly!
The jelly is almost dead.
The fireball engulfs you!
You die...
Your body glows slightly and disappears.

,,,,,,,*,..........#,,,,,,,,,,,,,
,,,,,,,*,.....[....#,,,,,,,,,,,,,
,,,,,,,*,.......>..#,,,,,,,,,,,,,
,,,,,,,*,.......<..#*****,,,,,***
,,,,,,,+,....##....#*,,,*,,,,,*,,
,,,,,,,**###**#....#*,,,*,,,,,*,,
,,,,,,,*,,,,,,#....+,,,,*,,,,,,,,
,,,,,,,*,,,,,,#.J..#*,,,*,,,,,*,,
********,,,,,,#.@..#*,,,*,,,,,*,,
,,,,,,,,,,,,,,######*,,,+,,,,,*,,
,,,,,,,,,,,,,,,,,,,,*,,,*,,,,,*,,
.......,,,,,,,,,,,,,+,,,*,,,,,*,,
........,,,,,,,,,,,,*,,,+,,,,,*,,
........******,,,,,,*+***,,,,,*,,
........+,,,,*,,,,,,*,,,*,,,,,*,,
........*,,,,*,,,,,,*,,,*,,,,,*,,
........*,,,,*,,,,,,+,,,*,,,,,*,,


You could see a jelly.

Vanquished Creatures
  An ice beast (D:5)
  An ogre (D:3)
  A hound (D:5)
  An orc priest (D:5)
  An iguana (D:7)
  Jessica (D:3)
  Terence (D:2)
  2 orc wizards
  A worker ant (D:5)
  6 adders
  2 oozes (D:1)
  An adder skeleton (D:3)
  A worm (D:4)
  3 dart slugs
  A leopard gecko (D:3)
  11 orcs
  3 giant cockroaches
  9 goblins
  6 hobgoblins
  4 jackals (D:5)
  4 kobolds
  3 quokkas
  2 ball python skeletons (D:4)
  6 bats
  3 frilled lizards
  8 rats
83 creatures vanquished.

Vanquished Creatures (others)
  Sigmund (D:4)
  A ball lightning (D:5)
2 creatures vanquished.

Grand Total: 85 creatures vanquished

Notes
Turn   | Place    | Note
-------+----------+-------------------------------------------
     0 | D:1      | jt the Octopode Monk began the quest for the Orb.
     0 | D:1      | Reached XP level 1. HP: 16/16 MP: 1/1
    68 | D:1      | Reached XP level 2. HP: 21/21 MP: 2/2
   295 | D:1      | Reached skill level 4 in Maces & Flails
   336 | D:2      | Noticed Terence
   451 | D:1      | Reached XP level 3. HP: 12/26 MP: 3/3
   787 | D:2      | Found a shadowy altar of Dithmenos.
   814 | D:3      | Noticed an ogre
   820 | D:3      | Killed an ogre
   820 | D:3      | Reached skill level 5 in Maces & Flails
   820 | D:3      | Reached XP level 4. HP: 4/31 MP: 4/4
  1089 | D:2      | Reached XP level 5. HP: 27/36 MP: 5/5
  1725 | D:2      | Killed Terence
  1725 | D:2      | Reached skill level 6 in Maces & Flails
  2004 | D:2      | Noticed a phantom
  2240 | D:3      | Learned a level 1 spell: Animate Skeleton
  2242 | D:3      | Learned a level 1 spell: Pain
  2256 | D:3      | Noticed Jessica
  2267 | D:3      | Killed Jessica
  2268 | D:3      | Reached XP level 6. HP: 19/42 MP: 4/6
  2937 | D:3      | Found a glowing golden altar of the Shining One.
  3167 | D:4      | Noticed Sigmund
  3407 | D:5      | Entered Level 5 of the Dungeon
  3418 | D:5      | Found a staircase to the Ecumenical Temple.
  3427 | Temple   | Entered the Ecumenical Temple
  3434 | Temple   | Became a worshipper of Nemelex Xobeh the Trickster
  3434 | Temple   | Received a gift from Nemelex Xobeh
  3434 | Temple   | Reached * piety under Nemelex Xobeh
  3434 | Temple   | Reached ** piety under Nemelex Xobeh
  3490 | D:5      | Reached skill level 7 in Maces & Flails
  4156 | D:5      | Received a gift from Nemelex Xobeh
  4457 | D:4      | Killed Sigmund
  4457 | D:4      | Reached XP level 7. HP: 46/46 MP: 8/8
  4631 | D:4      | Found a hide-covered altar of Uskayaw.
  4633 | D:4      | Found a radiant altar of Vehumet.
  5217 | D:5      | Reached skill level 8 in Maces & Flails
  5387 | D:6      | Reached *** piety under Nemelex Xobeh
  5707 | D:6      | Killed themself with a badly aimed fireball

Skill      XL: |  1  2  3  4  5  6  7 |
---------------+----------------------+-----
Maces & Flails | 4 5 6 7 8 |  8.1
Invocations    | 2 3 |  3.4
Fighting       | |  3.0
Dodging        | |  3.0
Stealth        | |  2.6

Action                   |  1- 3 |  4- 6 |  7- 9 || total
-------------------------+-------+-------+-------++-------
Melee: Mace              |    48 |   111 |    32 ||   191
       Constrict         |    11 |    29 |     5 ||    45
       Tentacles         |     8 |    25 |     3 ||    36
Throw: Stone             |       |     2 |     3 ||     5
 Cast: Animate Skeleton  |       |     4 |       ||     4
       Pain              |       |       |    11 ||    11
 Abil: Draw Destruction  |       |     2 |     6 ||     8
       Draw Escape       |       |       |     1 ||     1
Evoke: Wand              |       |       |     2 ||     2
  Use: Scroll            |       |       |     7 ||     7
       Potion            |       |       |     3 ||     3
 Stab: Sleeping          |     6 |    15 |     1 ||    22
  Eat: Ration            |       |     1 |     1 ||     2
       Chunk             |       |     8 |       ||     8
Armor: Skin              |     4 |     6 |     2 ||    12
Dodge: Dodged            |    40 |    50 |    21 ||   111
